 Dungeon Crawl Stone Soup version 0.30-a0-779-g7971cf19c3 (webtiles) character file.

Game seed: 1567928685966475822

46711 Newt the Impaler (level 14, 0/99 HPs)
             Began as a Demonspawn Gladiator on Feb 17, 2023.
             Was a High Priest of Hepliaklqana.
             Slain by an eight-headed hydra (7 damage)
             ... while petrified by a basilisk
             ... on level 5 of the Lair of Beasts.
             The game lasted 00:28:37 (19597 turns).

Newt the Impaler (Demonspawn Gladiator)            Turns: 19597, Time: 00:28:38

Health: 0/99       AC:  9    Str: 22    XL:     14   Next: 5%
Magic:  17/17      EV:  2    Int:  9    God:    Hepliaklqana [*****.]
Gold:   2083       SH:  0    Dex:  9    Spells: 13/13 levels left

rFire   + . .      SeeInvis +    b - +10 hand axe of Karma {speed, rElec rPois Str-5 Dex-4}
rCold   + . .      Faith    .    (no shield)
rNeg    + + +      Spirit   .    m - +5 robe of Misfortune {Harm *Corrode *Slow EV+5}
rPois   ∞          Reflect  .    c - +1 helmet
rElec   +          Harm     +    F - scarf {rC+ rF+}
rCorr   .          Rampage  .    (gloves unavailable)
Will    +....                    (no boots)
Stlth   +                        w - amulet "Kequ" {Acrobat Str+3}
HPRegen 0.36/turn                p - ring of see invisible
MPRegen 0.15/turn                I - +5 ring of evasion

@: petrified
A: reduced essence, large bone plates 3, powered by pain 1, spiny 1, demonic
touch 3, poison resistance, strong 1
a: Renounce Religion, Recall Ancestor, Ancestor Identity, Transference, Idealise


You were on level 5 of the Lair of Beasts.
You worshipped Hepliaklqana.
Hepliaklqana was extremely pleased with you.
You visited 3 branches of the dungeon, and saw 18 of its levels.
You also visited: Bailey and Gauntlet.

You collected 2583 gold pieces.
You spent 500 gold pieces at shops.

Inventory:

Hand Weapons
 a - a +0 trident
 b - the +10 hand axe of Karma (weapon) {speed, rElec rPois Str-5 Dex-4}
   (You found it on level 2 of the Lair of Beasts)

   Str:       It affects your strength (-5).
   Dex:       It affects your dexterity (-4).
   rElec:     It insulates you from electricity.
   rPois:     It protects you from poison.
Missiles
 d - 5 throwing nets (quivered)
 e - a javelin
 s - 3 silver javelins
 S - 3 boomerangs of dispersal
Armour
 c - a +1 helmet (worn)
 m - the +5 robe of Misfortune (worn) {Harm *Corrode *Slow EV+5}
   (You found it on level 4 of the Dungeon)

   EV:        It affects your evasion (+5).
   *Corrode:  It may corrode you when you take damage.
   *Slow:     It may slow you when you take damage.
   Harm:      It increases damage dealt and taken.
 F - a scarf of resistance (worn)
 O - +0 ice dragon scales
Jewellery
 h - a +6 ring of strength
 i - an amulet of reflection
 p - a ring of see invisible (left hand)
 u - a ring of magical power
 w - the amulet "Kequ" (around neck) {Acrobat Str+3}
   (You found it in a Gauntlet)

   [amulet of the acrobat]

   It increases your evasion while moving and waiting.
   Str:       It affects your strength (+3).
 x - a ring of ice
 H - a ring of flight
 I - a +5 ring of evasion (right hand)
 K - a +6 ring of intelligence
 P - a ring of willpower
 Z - the ring of Jifrus {*Slow rN+++ Will- Dex+3 SInv}
   (You found it in a Gauntlet)

   [ring of see invisible]

   Dex:       It affects your dexterity (+3).
   rN:        It renders you almost immune to negative energy.
   SInv:      It lets you see invisible.
   *Slow:     It may slow you when you take damage.
   Will:      It decreases your willpower.
Wands
 y - a wand of polymorph (6)
 A - a wand of roots (19)
 E - a wand of acid (2)
 U - a wand of mindburst (8)
 V - a wand of digging (1)
 Y - a wand of paralysis (10)
Scrolls
 f - 3 scrolls of fear
 k - 2 scrolls of butterflies
 r - 4 scrolls of immolation
 z - a scroll of blinking
 C - 3 scrolls of amnesia
 D - 5 scrolls of identify
 G - 12 scrolls of teleportation
 L - a scroll of torment
 W - 5 scrolls of enchant armour
 X - 2 scrolls of magic mapping
Potions
 g - 5 potions of flight
 j - 2 potions of lignification
 l - 15 potions of curing
 o - 2 potions of haste
 q - 5 potions of might
 t - 9 potions of heal wounds
 v - 2 potions of cancellation
 J - a potion of magic
 M - a potion of invisibility
 N - 2 potions of mutation
 Q - a potion of brilliance
 R - 2 potions of ambrosia
 T - a potion of resistance
Miscellaneous
 n - a condenser vane
 B - a lightning rod (4/4)


   Skills:
 - Level 10.0 Fighting
 - Level 5.0 Short Blades
 + Level 6.8(12.5) Axes
 - Level 16.2(16.7) Polearms
 - Level 1.7 Throwing
 - Level 5.0 Armour
 - Level 10.0 Dodging
 - Level 1.5 Stealth
 - Level 5.0 Invocations
 - Level 8.0 Evocations


You had 13 spell levels left.
You didn't know any spells.
Your spell library contained the following spells:

 Spells                   Type           Power      Damage    Failure   Level
 Magic Dart               Conj           0%         1d3       38%         1
 Scorch                   Fire           0%         2d5       52%         2
 Searing Ray              Conj           0%         2d4       52%         2
 Portal Projectile        Hex/Tloc       0%         N/A       77%         3
 Tukima's Dance           Hex            0%         N/A       77%         3
 Flame Wave               Conj/Fire      0%         2d4       99%         4
 Fulminant Prism          Conj/Hex       0%         3d5       99%         4
 Summon Ice Beast         Ice/Summ       0%         N/A       99%         4
 Blade Hands              Tmut           0%         N/A       100%        5
 Summon Mana Viper        Hex/Summ       0%         N/A       100%        5
 Conjure Ball Lightning   Conj/Air       0%         3x3d6     100%        6
 Summon Cactus Giant      Summ           0%         N/A       100%        6
 Monstrous Menagerie      Summ           0%         N/A       100%        7
 Discord                  Hex            0%         N/A       100%        8
 Disjunction              Tloc           0%         N/A       100%        8


Dungeon Overview and Level Annotations

Branches:
Dungeon (12/15)            Temple (1/1) D:5            Lair (5/5) D:11
  Swamp (0/4) Lair:2        Snake (0/4) Lair:3        Slime (0/5) Lair:4
    Orc (0/2) D:10         Bailey (visited)         Gauntlet (visited)

Altars:
Ashenzari
Cheibriados
Dithmenos
Fedhas
Gozag
Hepliaklqana
Kikubaaqudgha
Makhleb
Nemelex Xobeh
Okawaru
Qazlal
Ru
Sif Muna
Trog
Vehumet
Xom
Yredelemnul
Jiyva

Shops:
D:2 ?   D:5 *   D:7 **   D:11 !

Annotations:
D:11 2 transporters, retardedninja's ghost, journeyman GnFi
Temple 2 transporters


Innate Abilities, Weirdness & Mutations

Your life essence is reduced to manifest your ancestor. (-10% HP)
You are completely covered in large bone plates. (SH +8)
You sometimes gain a little power by taking damage.
You are partially covered in sharp spines.
Your touch may irresistibly damage your foes and sap their willpower.
Your system is resistant to poisons. (rPois)
Your muscles are strong. (Str +4, Int/Dex -1)


Message History

The eight-headed hydra closely misses Cuahtemoc.
The eight-headed hydra bites Cuahtemoc but does no damage.
Cuahtemoc barely misses the eight-headed hydra.
The death yak barely misses Cuahtemoc.
The basilisk gazes at you.
You easily resist.
The eight-headed hydra bites Cuahtemoc.
Cuahtemoc blocks the eight-headed hydra's attack. x2
The eight-headed hydra bites Cuahtemoc!
The eight-headed hydra bites Cuahtemoc but does no damage. x2
The eight-headed hydra closely misses Cuahtemoc.
Cuahtemoc blocks the eight-headed hydra's attack.
Cuahtemoc hits the eight-headed hydra with a +0 flail!
The death yak closely misses Cuahtemoc.
The basilisk bites you but does no damage.
Cuahtemoc blocks the eight-headed hydra's attack.
The eight-headed hydra closely misses Cuahtemoc.
Cuahtemoc blocks the eight-headed hydra's attack.
The eight-headed hydra bites Cuahtemoc! x2
Cuahtemoc is destroyed!
The eight-headed hydra bites you. x3
The basilisk is struck by your spines.
The basilisk bites you but does no damage.
The eight-headed hydra bites you but does no damage. x2
The eight-headed hydra bites you. x2; The eight-headed hydra bites you!
The eight-headed hydra bites you.
The eight-headed hydra bites you but does no damage. x2
The death yak gores you!
* * * LOW HITPOINT WARNING * * *
The basilisk bites you!
* * * LOW HITPOINT WARNING * * *
The eight-headed hydra completely misses you.
The eight-headed hydra bites you.
* * * LOW HITPOINT WARNING * * *
The eight-headed hydra bites you!
* * * LOW HITPOINT WARNING * * *
The eight-headed hydra bites you but does no damage.
The eight-headed hydra bites you!
* * * LOW HITPOINT WARNING * * *
The eight-headed hydra bites you. x2; The eight-headed hydra bites you!
You die...

.# ########.#
P.P...#..#
......?##
....PPP#### #
#P.P..#..#.. #
##.#........
S.#..#....Y...P.#
.......<†@D.##^[
##.##....l###
#.P...# #.PP.###
...PP.# ........
..##.#... ##
..####


You could see a death yak, an eight-headed hydra and a basilisk.

Vanquished Creatures
  A minotaur (Gauntlet)
  Harold (D:9)
  2 hydras
  An ice dragon (Lair:3)
  4 boulder beetles
  A centaur warrior (D:8)
  A ghost crab (Gauntlet)
  5 two-headed ogres
  Sonja (Lair:1)
  A skyshark (Lair:3)
  Pikel (D:7)
  A bog body (Lair:2)
  A lindwurm (Lair:3)
  A deep elf pyromancer (D:8)
  A cyclops (D:11)
  3 ugly things
  5 elephants (Lair:2)
  4 manticores
  2 slime creatures (D:12)
  3 black mambas
  A smoke demon (Gauntlet)
  7 cane toads
  A torpor snail (Lair:5)
  2 gargoyles
  4 komodo dragons
  A kobold demonologist (D:10)
  5 rime drakes
  The ghost of Newt the Skirmisher, a novice KoHu (D:4)
  2 unseen horrors
  An efreet (D:8)
  A red devil (Gauntlet)
  2 polar bears
  2 trolls
  2 hornets
  22 yaks
  2 vampires
  A wyvern (D:8)
  Sigmund (D:3)
  2 wraiths
  2 basilisks
  3 shadows
  Grum (D:9)
  2 chaos spawn (Gauntlet)
  11 vampire mosquitoes
  3 nagas (Lair:3)
  An acid dragon (D:12)
  10 water moccasins
  Duvessa (D:7)
  2 orc warriors
  3 ice beasts
  A black bear (D:5)
  9 wolves
  An ogre (D:6)
  2 phantoms
  4 centaurs
  5 kobold brigands
  7 bullfrogs
  A necrophage (D:8)
  4 scorpions
  Dowan (D:7)
  14 killer bees
  9 vampire bats (Bailey)
  3 electric eels
  9 howler monkeys
  4 crimson imps (Gauntlet)
  7 wolf zombies (Bailey)
  3 quasits (D:4)
  10 orc priests
  3 hounds
  2 gnoll boudas
  Crazy Yiuf (D:5)
  6 jellies
  9 orc wizards
  3 iguanas
  8 gnolls
  7 adders
  3 shadow imps
  7 white imps
  An ufetubus (D:5)
  A worm (D:4)
  3 dart slugs
  24 orcs
  4 ball pythons
  6 endoplasms
  4 giant cockroaches
  11 goblins
  4 hobgoblins
  2 jackals (D:4)
  6 quokkas
  A bat (D:2)
  3 frilled lizards
  20 kobolds
  19 orc zombies (Bailey)
  2 rats (D:3)
393 creatures vanquished.

Vanquished Creatures (collateral kills)
  A boulder beetle (D:8)
  A skyshark (Lair:5)
  A cyclops (D:8)
  A manticore (D:12)
  A gargoyle (D:12)
  A cane toad (Lair:1)
  3 komodo dragons (Lair:1)
  A kobold demonologist (D:10)
  A slime creature (D:12)
  A shadow (D:11)
  5 yaks (Lair:1)
  A wraith (D:8)
  A steam dragon (D:8)
  A neqoxec (Gauntlet)
  3 water moccasins
  An orc warrior (D:10)
  A wolf (D:11)
  A kobold brigand (D:10)
  A bullfrog (Lair:2)
  A scorpion (Lair:1)
  2 electric eels
  A quasit (D:4)
  A jelly (Lair:4)
  2 orc wizards
  5 orcs
  A kobold (D:10)
40 creatures vanquished.

Vanquished Creatures (others)
  A wizard (D:4)
  3 knights
  5 ancestors
  4 bushes (D:8)
  21 demonic plants (Gauntlet)
  9 fungi
  22 plants
65 creatures vanquished.

Grand Total: 498 creatures vanquished

Notes
Turn   | Place    | Note
-------+----------+-------------------------------------------
     0 | D:1      | Newt the Demonspawn Gladiator began the quest for the Orb.
     0 | D:1      | Reached XP level 1. HP: 16/16 MP: 1/1
   151 | D:1      | Reached skill level 1 in Stealth
   584 | D:1      | Gained mutation: You are partially covered in sharp spines.
                  | [demonic ancestry]
   584 | D:1      | Reached XP level 2. HP: 19/22 MP: 2/2
  1053 | D:2      | Found Ugec's Magic Scroll Shop.
  1143 | D:2      | Bought a scroll of identify for 26 gold pieces
  1249 | D:2      | Found a stormy altar of Qazlal.
  1298 | D:2      | Gained mutation: You sometimes gain a little power by
                  | taking damage. [demonic ancestry]
  1298 | D:2      | Reached XP level 3. HP: 28/28 MP: 3/3
  1830 | D:2      | Bought a scroll of identify for 26 gold pieces
  2000 | D:3      | Noticed a scorpion
  2007 | D:3      | Killed a scorpion
  2008 | D:3      | Gained mutation: You are partially covered in large bone
                  | plates. (SH +4) [demonic ancestry]
  2008 | D:3      | Reached XP level 4. HP: 37/37 MP: 4/4
  2173 | D:3      | Noticed Sigmund
  2177 | D:3      | Killed Sigmund
  2178 | D:3      | Reached XP level 5. HP: 21/42 MP: 5/5
  2182 | D:3      | Reached skill level 5 in Short Blades
  2182 | D:3      | Gained mutation: Your touch may inflict minor irresistible
                  | damage on your foes. [demonic ancestry]
  2182 | D:3      | Reached XP level 6. HP: 26/48 MP: 6/6
  2452 | D:3      | Reached skill level 1 in Polearms
  2453 | D:3      | Reached skill level 2 in Polearms
  2701 | D:4      | Found the +5 robe of Misfortune {Harm *Corrode *Slow EV+5}
  2776 | D:4      | Reached skill level 3 in Polearms
  2788 | D:4      | Reached skill level 4 in Polearms
  3222 | D:4      | Found a transporter.
  3277 | D:4      | Reached XP level 7. HP: 54/54 MP: 7/7
  3303 | D:4      | Reached skill level 5 in Polearms
  3306 | D:4      | Found a bloodstained altar of Trog.
  3334 | D:4      | Noticed a wizard
  3336 | D:4      | Killed a wizard
  3558 | D:4      | Noticed Newt's ghost (novice KoHu)
  3565 | D:4      | Found a transporter.
  3669 | D:5      | Entered Level 5 of the Dungeon
  3712 | D:5      | Reached skill level 6 in Polearms
  3861 | D:5      | Reached skill level 7 in Polearms
  3962 | D:5      | Reached skill level 8 in Polearms
  4064 | D:5      | Found Cicipim's Assorted Antiques.
  4253 | D:5      | Found a staircase to the Ecumenical Temple.
  4391 | D:5      | Found a runed translucent door.
  4394 | D:5      | Noticed Crazy Yiuf
  4604 | D:5      | Killed Crazy Yiuf
  4699 | D:5      | Bought a scroll of identify for 58 gold pieces
  4807 | D:6      | Reached XP level 8. HP: 60/60 MP: 8/8
  5082 | D:6      | Reached skill level 9 in Polearms
  5184 | D:6      | Reached skill level 10 in Polearms
  5296 | D:7      | Reached skill level 5 in Fighting
  5336 | D:7      | Found a blossoming altar of Fedhas.
  5394 | D:7      | Found a flagged portal.
  5399 | Bailey   | Entered a bailey
  5764 | Bailey   | Reached skill level 5 in Dodging
  5764 | Bailey   | Reached XP level 9. HP: 69/69 MP: 9/9
  5819 | Bailey   | Noticed a gargoyle
  5831 | Bailey   | Killed a gargoyle
  5942 | Bailey   | Identified the +3 robe of the Mackerel {+Blink}
  6428 | D:7      | Reached skill level 5 in Evocations
  6715 | D:7      | Noticed Pikel
  6724 | D:7      | Killed Pikel
  6974 | D:7      | Noticed Dowan
  6975 | D:7      | Noticed Duvessa
  6989 | D:7      | Killed Dowan
  6997 | D:7      | Killed Duvessa
  7027 | D:7      | Found Beinearch's Assorted Antiques.
  7027 | D:7      | Found Weagh's Assorted Antiques.
  7038 | D:7      | Gained mutation: Your touch may inflict irresistible damage
                  | on your foes. [demonic ancestry]
  7038 | D:7      | Reached XP level 10. HP: 66/76 MP: 10/10
  7068 | D:7      | Bought a scroll of identify for 60 gold pieces
  7068 | D:7      | Bought a bone ring for 150 gold pieces
  7567 | Temple   | Entered the Ecumenical Temple
  7567 | Temple   | Found a transporter.
  7567 | Temple   | Found a transporter.
  7569 | Temple   | Found a transporter.
  7569 | Temple   | Found a transporter.
  7583 | Temple   | Became a worshipper of Hepliaklqana the Forgotten
  8422 | D:9      | Found a sacrificial altar of Ru.
  8486 | D:9      | Noticed Grum
  8510 | D:9      | Killed Grum
  8511 | D:9      | Reached skill level 10 in Dodging
  8856 | D:9      | Noticed a red ugly thing
  8873 | D:9      | Killed a red ugly thing
  8906 | D:9      | Noticed Harold
  8919 | D:9      | Killed Harold
  9449 | D:10     | Entered Level 10 of the Dungeon
  9451 | D:10     | Found a staircase to the Orcish Mines.
  9535 | D:10     | Reached skill level 11 in Polearms
  9535 | D:10     | Gained mutation: Your touch may irresistibly damage your
                  | foes and sap their willpower. [demonic ancestry]
  9535 | D:10     | Reached XP level 11. HP: 65/86 MP: 11/11
  9635 | D:10     | Reached * piety under Hepliaklqana
  9947 | D:10     | Found an opulent altar of Gozag.
 10078 | D:10     | Noticed a sixfirhy
 10093 | D:10     | Reached skill level 12 in Polearms
 10649 | D:11     | Noticed a two-headed ogre
 10657 | D:11     | Killed a two-headed ogre
 10741 | D:11     | Reached skill level 13 in Polearms
 10897 | D:11     | Found a burning altar of Makhleb.
 10897 | D:11     | Noticed a two-headed ogre
 10908 | D:11     | Killed a two-headed ogre
 10942 | D:11     | Found a staircase to the Lair.
 11086 | D:11     | Found a transporter.
 11091 | D:11     | Noticed retardedninja's ghost (journeyman GnFi)
 11092 | D:11     | Noticed a skeletal warrior
 11096 | D:11     | Noticed a two-headed ogre
 11107 | D:11     | Found a transporter.
 11107 | D:11     | Noticed a green ugly thing
 11114 | D:11     | Killed a green ugly thing
 11141 | D:11     | Found Cownust's Distillery.
 11146 | D:11     | Bought 2 potions of heal wounds for 120 gold pieces
 11146 | D:11     | Bought a potion of heal wounds for 60 gold pieces
 11171 | D:11     | Noticed a boulder beetle
 11191 | D:11     | Reached skill level 14 in Polearms
 11216 | D:11     | Killed a boulder beetle
 11481 | D:11     | Noticed a two-headed ogre
 11490 | D:11     | Killed a two-headed ogre
 11869 | D:8      | Noticed a deep elf pyromancer
 11880 | D:8      | Killed a deep elf pyromancer
 11890 | D:8      | Reached XP level 12. HP: 63/82 MP: 12/12
 11916 | D:8      | Noticed a centaur warrior
 11928 | D:8      | Killed a centaur warrior
 11929 | D:8      | Reached skill level 5 in Armour
 12000 | D:8      | Reached ** piety under Hepliaklqana
 12010 | D:8      | Remembered your ancestor Cuahtemoc as a knight
 12016 | D:8      | Reached skill level 1 in Invocations
 12264 | D:8      | Noticed a two-headed ogre
 12273 | D:8      | Killed a two-headed ogre
 12274 | D:8      | Reached skill level 5 in Invocations
 12321 | D:8      | Noticed a boulder beetle
 12334 | D:8      | Killed a boulder beetle
 12540 | D:4      | Killed Newt's ghost
 12809 | D:12     | Noticed a two-headed ogre
 12816 | D:12     | Killed a two-headed ogre
 12824 | D:12     | Noticed a boulder beetle
 12835 | D:12     | Killed a boulder beetle
 12863 | D:12     | Found a gate leading to a gauntlet.
 12883 | Gauntlet | Entered a Gauntlet
 12883 | Gauntlet | Found a transporter.
 13061 | Gauntlet | Found a transporter.
 13076 | Gauntlet | Found a transporter.
 13081 | Gauntlet | Found a transporter.
 13081 | Gauntlet | Noticed a ghost crab
 13092 | Gauntlet | Noticed a great orb of eyes
 13096 | Gauntlet | Found a transporter.
 13115 | Gauntlet | Found a transporter.
 13127 | Gauntlet | Found a transporter.
 13139 | Gauntlet | Found a transporter.
 13148 | Gauntlet | Noticed a death yak
 13150 | Gauntlet | Noticed a death yak
 13150 | Gauntlet | Noticed a death yak
 13151 | Gauntlet | Found a transporter.
 13154 | Gauntlet | Noticed a death yak
 13163 | Gauntlet | Found a transporter.
 13180 | Gauntlet | Found a transporter.
 13197 | Gauntlet | Found a transporter.
 13199 | Gauntlet | Found a transporter.
 13226 | Gauntlet | Found a transporter.
 13226 | Gauntlet | Found a transporter.
 13322 | Gauntlet | Found a transporter.
 13457 | Gauntlet | Found a transporter.
 13468 | Gauntlet | Found a transporter.
 13515 | Gauntlet | Identified the ring of Jifrus {*Slow rN+++ Will- Dex+3
                  | SInv}
 13547 | Gauntlet | Killed a ghost crab
 13553 | Gauntlet | Identified the amulet "Kequ" {Acrobat Str+3}
 13646 | Gauntlet | Noticed a minotaur
 13657 | Gauntlet | Killed a minotaur
 14006 | D:12     | Reached skill level 10 in Fighting
 14493 | D:12     | Reached XP level 13. HP: 48/92 MP: 16/16
 14896 | Lair:1   | Entered Level 1 of the Lair of Beasts
 15027 | Lair:1   | Reached *** piety under Hepliaklqana
 15033 | Lair:1   | Noticed Sonja
 15041 | Lair:1   | Killed Sonja
 15042 | Lair:1   | Reached skill level 15 in Polearms
 16328 | Lair:2   | Reached **** piety under Hepliaklqana
 16567 | Lair:2   | Reached skill level 16 in Polearms
 16838 | Lair:2   | Identified the +10 hand axe of Karma {speed, rElec rPois
                  | Str-5 Dex-4}
 16889 | Lair:2   | Found a staircase to the Swamp.
 16897 | Lair:2   | Reached skill level 1 in Axes
 17382 | Lair:3   | Reached ***** piety under Hepliaklqana
 17396 | Lair:3   | Found a staircase to the Snake Pit.
 17853 | Lair:3   | Reached skill level 5 in Axes
 18231 | Lair:3   | Identified a scroll of acquirement
 18232 | Lair:3   | Acquired 1016 gold pieces
 18808 | Lair:4   | Found a staircase to the Slime Pits.
 18811 | Lair:4   | Found a viscous altar of Jiyva.
 19166 | Lair:4   | Gained mutation: You are mostly covered in large bone
                  | plates. (SH +6) [demonic ancestry]
 19166 | Lair:4   | Reached XP level 14. HP: 96/99 MP: 17/17
 19166 | Lair:4   | Gained mutation: You are completely covered in large bone
                  | plates. (SH +8) [potion of mutation]
 19166 | Lair:4   | Gained mutation: Your system is resistant to poisons.
                  | (rPois) [potion of mutation]
 19166 | Lair:4   | Gained mutation: Your muscles are strong. (Str +4, Int/Dex
                  | -1) [potion of mutation]
 19574 | Lair:5   | Entered Level 5 of the Lair of Beasts
 19597 | Lair:5   | Slain by an eight-headed hydra

Illustrated notes

Levels and vault maps discovered:
D:1:      heliophobic_arrival_ceremonial_halls, layout_loops_corners,
          wander_ebering_terrifying_dragon_lair
D:2:      layout_loops_ring, serial_bayou, serial_bayou_shore_a,
          serial_bayou_lagoon_a, serial_bayou_lagoon_b, serial_bayou_pond_c,
          serial_shops, nicolae_square_shop, basic_altar, bh_walls_and_bars
D:3:      layout_basic, minmay_unequal, uniq_sigmund
D:4:      layout_basic, trog_wizard, gammafunk_ghost_stat_death
D:5:      layout_loops_ring, minmay_temple_entry_antechambers, serial_shops,
          nicolae_take_the_stairs, st_stairs_1, grunt_decor_one_mirror,
          uniq_crazy_yiuf_cottage
D:6:      layout_basic
D:7:      layout_basic, mainiacjoe_overflow_tiny_flanked, enter_bailey_3,
          nicolae_wooded_promenade, minmay_holes, uniq_duvessa, uniq_pikel
D:8:      minmay_klotski, layout_loops_ring
D:9:      layout_loops_corners, nicolae_ru_sacrificial_ziggurat, uniq_harold,
          uniq_grum
D:10:     layout_basic, pdpol_temple_overflow_zin_treasury_gozag_greed,
          minmay_orc_entry_temple_small
D:11:     layout_loops_corners, hellmonk_lair_entry_icy, serial_shops,
          shop_fountains, gammafunk_ghost_arena, bloody_makhleb
D:12:     layout_irregular_city, gauntlet_entry_generic, roderic_roman_lattice
Temple:   hellmonk_temple_divided_pantheon
Lair:1:   layout_layer_cave, beast_lair_carwin_10, infiniplex_staircase_pool,
          uniq_sonja
Lair:2:   layout_chaotic_city, skrybe_swamp_entry_bodies
Lair:3:   dragon1_lemuel, layout_regular_city,
          minmay_snake_entry_guardpost_small
Lair:4:   layout_layer_cave, nicolae_slime_entry_field_trip,
          serial_bayou_pond_e, grunt_megastairs_5, infiniplex_staircase_pool_2
Lair:5:   due_jungle_book, layout_loops_ring, kilobyte_rumbling_trees

Skill      XL: |  1  2  3  4  5  6  7  8  9 10 11 12 13 |
---------------+----------------------------------------+-----
Stealth        | 1 |  1.5
Fighting       | 3 4 6 8 10 | 10.0
Short Blades   | 3 4 5 |  5.0
Dodging        | 3 5 7 10 | 10.0
Polearms       | 4 8 10 11 14 16 | 16.2
Evocations     | 5 8 |  8.0
Armour         | 4 5 |  5.0
Invocations    | 5 |  5.0
Axes           | 6 |  6.8
Throwing       | |  1.7

Action                     |  1- 3 |  4- 6 |  7- 9 | 10-12 | 13-15 || total
---------------------------+-------+-------+-------+-------+-------++-------
  Melee: Rapier            |    38 |       |       |       |       ||    38
         Short sword       |    32 |    23 |       |       |       ||    55
         Trident           |       |    46 |   349 |   673 |   203 ||  1271
         Touch             |       |     6 |    35 |    85 |    75 ||   201
         Punch             |       |       |     2 |     4 |     4 ||    10
         Hand axe          |       |       |       |       |   129 ||   129
  Throw: Throwing net      |     2 |     1 |     3 |     3 |       ||     9
         Javelin           |       |     1 |     1 |     1 |       ||     3
         Boomerang         |       |       |       |     2 |       ||     2
 Invoke: Ancestor Life: Kn |       |       |       |     1 |       ||     1
  Evoke: Wand              |       |       |     1 |     4 |     1 ||     6
         Condenser vane    |       |       |       |     1 |       ||     1
    Use: Scroll            |    12 |     6 |     4 |     7 |     3 ||    32
         Potion            |       |       |     2 |     3 |     1 ||     6
   Stab: Sleeping          |     4 |     2 |     3 |     5 |     3 ||    17
         Held in net/web   |     1 |       |     2 |     1 |       ||     4
         Distracted        |       |     1 |     1 |     6 |     4 ||    12
 Armour: Leather armour    |    10 |     3 |       |       |       ||    13
         Robe              |       |     6 |    37 |    40 |    30 ||   113
  Dodge: Dodged            |    32 |    30 |   235 |   292 |   173 ||   762
  Block: Other             |       |     7 |    30 |    48 |    29 ||   114

Table legend: (Time is in decaauts)
 A = Elapsed time spent in this place.
 B = Non-inter-level travel time spent in this place.
 C = Inter-level travel time spent in this place.
 D = Time resting spent in this place.
 E = Time spent auto-exploring this place.
 F = Levels seen in this place.
 G = Mean time per level.
                   A        B        C        D        E       F      G
               +--------+--------+--------+--------+--------+-----+--------+
         Total |  19197 |  17964 |   1233 |   1735 |  13452 |  20 |  959.8 |
       Dungeon |  12749 |  11593 |   1156 |    937 |   8880 |  12 | 1062.4 |
        Temple |     28 |     21 |      7 |      0 |      0 |   1 |   28.0 |
          Lair |   4550 |   4482 |     68 |    208 |   3817 |   5 |  910.0 |
        Bailey |    937 |    937 |      0 |    298 |    373 |   1 |  937.0 |
      Gauntlet |    931 |    931 |      0 |    292 |    381 |   1 |  931.0 |
               +--------+--------+--------+--------+--------+-----+--------+

Top non-repeatable levels by time:
     D:8: 1338 daAuts
     D:9: 1309 daAuts
  Lair:1: 1298 daAuts
    D:11: 1189 daAuts
    D:10: 1181 daAuts
  Lair:3: 1165 daAuts
    D:12: 1099 daAuts
     D:5: 1082 daAuts
     D:7: 1073 daAuts
     D:4: 1058 daAuts
  Lair:2: 1052 daAuts
  Lair:4: 1018 daAuts
     D:1: 1015 daAuts
  Bailey: 937 daAuts
Gauntlet: 931 daAuts
